 Dungeon Crawl Stone Soup version 0.17-a0-1446-gc28613e (webtiles) character file.

197 Snupthedog the Grave Robber (level 5, 0/40 HPs)
             Began as a Hill Orc Necromancer on June 28, 2015.
             Slain by Natasha (9 damage)
             ... on level 3 of the Dungeon.
             The game lasted 00:12:21 (4141 turns).

Snupthedog the Grave Robber (Hill Orc Necromancer)  Turns: 4141, Time: 00:12:21

Health: 0/40       AC:  2    Str: 12    XL:     5   Next: 75%
Magic:  8/8        EV: 12    Int: 15    God:
Gold:   199        SH:  0    Dex: 11    Spells: 3 memorised, 1 level left

rFire  . . .     SeeInvis .     h - +3 dagger (venom)
rCold  . . .     Clarity  .     a - +0 robe
rNeg   . . .     SustAt   .     (no shield)
rPois  .         Gourm    .     (no helmet)
rElec  .         Spirit   .     (no cloak)
rCorr  .         Warding  .     (no gloves)
rMut   .         Stasis   .     (no boots)
MR     .....                    (no amulet)
Stlth  ++........               (no ring)
                                (no ring)

@: not resistant to hostile enchantments, unstealthy
A: no striking features
a: no special abilities


You were on level 3 of the Dungeon.
You were not hungry.

You visited 1 branch of the dungeon, and saw 3 of its levels.

You collected 199 gold pieces.

Inventory:

Hand weapons
 f - a +0 dagger
 h - a +3 dagger of venom (weapon)
 m - a +0 war axe
Armour
 a - a +0 robe (worn)
Scrolls
 d - 2 scrolls of remove curse
 i - a scroll of identify
 o - a scroll of fog {unknown}
Potions
 j - a potion of magic {unknown}
 l - a potion of agility {unknown}
 n - a potion of curing {unknown}
Books
 b - a book of Necromancy

   Spells                             Type                      Level
   a - Pain                           Necromancy                   1
   b - Animate Skeleton               Necromancy                   1
   c - Vampiric Draining              Necromancy                   3
   d - Regeneration                   Charms/Necromancy            3
   e - Animate Dead                   Necromancy                   4
   f - Control Undead                 Necromancy                   4


   Skills:
 + Level 1.6 Fighting
 - Level 0.4 Short Blades
 * Level 1.2 Armour
 - Level 2.2 Dodging
 - Level 2.0 Stealth
 + Level 2.4 Spellcasting
 + Level 0.1 Charms
 + Level 5.2 Necromancy


You had one spell level left.
You knew the following spells:

 Your Spells              Type           Power        Failure   Level  Hunger
a - Pain                  Necr           ###.         2%          1    #......
b - Vampiric Draining     Necr           ###.......   10%         3    ###....
c - Regeneration          Chrm/Necr      #.........   24%         3    ###....


Dungeon Overview and Level Annotations

Branches:
Dungeon (3/15)

Altars:

Annotations:
D:3 Natasha


Message History

You kill the adder!
The crimson imp grinds its teeth.
You closely miss the crimson imp. The crimson imp closely misses you.
Natasha mewls in sadness.
You hit the crimson imp but do no damage.
The crimson imp closely misses you.
You miss the crimson imp. The crimson imp closely misses you.
You miss the crimson imp.
Natasha casts a spell.
The crimson imp hits you.
You hit the crimson imp.
The crimson imp is poisoned.
The crimson imp is moderately wounded.
The crimson imp blinks!
The crimson imp hits you. Natasha claws you.
You hit Natasha.
Natasha is poisoned.
Natasha is moderately wounded.
The crimson imp hits you.
* * * LOW HITPOINT WARNING * * *
Natasha claws you!
You die...

#..<.########..#.##
#....# ##>..#
#####'## #...#
#......#########..#
#....^.......# #..###
#........[.).# #.>..#
#............# ##.#.#
#...........5####...#
#............@h5#####
#######...5..##.#
#......##.#
#......##.#
#########h# #.# #.#
#....5...#
#####.....#


You could see Natasha and 3 crimson imps.

Vanquished Creatures
  An iguana (D:2)
  Natasha (D:3)
  An orc wizard (D:3)
  2 adders
  3 oozes
  A worm (D:3)
  8 orcs (D:3)
  2 giant cockroaches
  8 goblins
  10 hobgoblins
  7 jackals
  10 kobolds
  7 bats
  4 giant newts
  A quokka (D:2)
  13 rats
79 creatures vanquished.

Notes
Turn   | Place    | Note
--------------------------------------------------------------
     0 | D:1      | Snupthedog the Hill Orc Necromancer began the quest for the Orb.
     0 | D:1      | Reached XP level 1. HP: 14/14 MP: 3/3
   839 | D:1      | Reached XP level 2. HP: 20/20 MP: 2/4
  1272 | D:1      | Reached XP level 3. HP: 18/26 MP: 5/5
  1413 | D:1      | Learned a level 3 spell: Vampiric Draining
  1518 | D:1      | HP: 1/26 [jackal (2)]
  2931 | D:2      | Reached XP level 4. HP: 26/34 MP: 1/6
  3667 | D:3      | Noticed Natasha
  3676 | D:3      | Killed Natasha
  3676 | D:3      | Reached skill level 1 in Fighting
  3676 | D:3      | Reached skill level 5 in Necromancy
  3676 | D:3      | Reached XP level 5. HP: 19/40 MP: 8/8
  3681 | D:3      | Learned a level 3 spell: Regeneration
  4112 | D:3      | Reached skill level 1 in Armour
  4125 | D:3      | Noticed Natasha
  4141 | D:3      | Slain by Natasha

Vault maps used:
D:1:      lightli_molten_gateway, serial_bayou_lake_a
D:3:      uniq_natasha

Action                   |  1- 3 |  4- 6 || total
-------------------------+-------+-------++-------
Melee: Unarmed           |    36 |       ||    36
       Dagger            |   136 |   108 ||   244
 Cast: Pain              |    39 |     5 ||    44
       Vampiric Draining |     7 |    11 ||    18
  Use: Scroll            |     1 |     3 ||     4
       Potion            |     1 |       ||     1
 Stab: Sleeping          |     5 |     2 ||     7
  Eat: Chunk             |     3 |       ||     3
       Bread ration      |     1 |     1 ||     2
       Pizza             |       |     2 ||     2
